Map: Prion Terraces

Players

Nano - Winner!

  • Race: Terran Terran
  • League: Gold

apicton

  • Race: Zerg Zerg
  • League: Gold

VOD

Have the link to the VOD?

Description

Time

  • Played on: May 17, 2016, 5:35 p.m.
  • Length: 12:01
Show
View Real Time Build Order
Export as new Build Order

Nano Terran - Winner!

Build Orders: MMM Bio 

Get SALT Encoding   

  12  0:01  SCV  
  13  0:13  SCV  
  14  0:18  Supply Depot  
  14  0:25  SCV  
  15  0:40  SCV  
  16  0:43  Barracks  
  16  0:47  Refinery  
  16  0:52  SCV  
  17  1:04  SCV  
  18  1:16  SCV  
  19  1:31  Supply Depot, Orbital Command  
  19  1:34  Reaper  
  20  1:59  SCV  
  21  2:11  SCV  
  22  2:27  Command Center  
  22  2:30  Marine  
  22  2:34  SCV  
  22  2:37  Factory  
  24  2:39  Refinery  
  24  2:47  SCV  
  25  2:53  Barracks Reactor  
  25  2:59  SCV  
  25  3:34  SCV  
  25  3:41  Orbital Command  
  26  3:42  Hellion  
  26  3:43  Hellion  
  26  3:46  Marine  
  26  3:47  Starport, SCV  
  32  3:56  Armory  
  32  3:59  SCV  
  33  4:04  Hellion x2  
  33  4:08  SCV  
  38  4:10  Marine  
  38  4:11  SCV  
  40  4:21  SCV  
  41  4:25  Hellion x2  
  41  4:28  Marine  
  41  4:31  Barracks  
  46  4:32  Supply Depot  
  46  4:37  Medivac  
  48  4:49  Marine, Supply Depot  
  48  4:50  Hellion x2  
  54  4:52  SCV  
  54  4:53  SCV  
  54  4:58  Hellion x4  
  55  5:06  SCV x2  
  57  5:12  Marine  
  58  5:14  Refinery  
  58  5:25  Barracks Reactor  
  58  5:30  Barracks, SCV x2  
  60  5:39  Barracks Tech Lab  
  52  5:58  Marine  
  52  6:00  Stimpack  
  53  6:08  Marine  
  53  6:09  Marine  
  53  6:11  SCV x2  
  53  6:14  Barracks  
  51  6:21  Barracks Reactor  
  49  6:25  Hellion  
  49  6:26  Hellion, SCV x2  
  49  6:27  Command Center  
  49  6:34  Marine x3  
  52  6:42  Bunker  
  52  6:52  SCV x2  
  52  6:53  Marine x3  
  53  6:55  Hellion x2  
  43  7:08  SCV x2  
  45  7:11  Marine  
  44  7:17  Hellbat x2  
  48  7:25  Marine x4  
  48  7:28  Medivac  
  48  7:29  Marine  
  56  7:30  SCV x2  
  56  7:33  Barracks Reactor  
  59  7:44  Marauder  
  59  7:45  Marine x3  
  59  7:46  Marine  
  59  7:47  Hellbat x2  
  59  7:49  Orbital Command  
  67  8:06  Marine  
  67  8:07  Marine x4  
  67  8:08  Combat Shields  
  67  8:09  Marine x2  
  74  8:14  SCV x2  
  76  8:24  Marine x2  
  76  8:25  Marine x3  
  81  8:27  Marine  
  82  8:41  Medivac  
  82  8:43  Hellbat x2  
  82  8:44  Marine x5  
  82  8:45  Marine x2  
  72  8:51  Orbital Command  
  68  9:02  Marine x4  
  69  9:05  Hellbat x2  
  69  9:06  Marine x3  
  70  9:15  Engineering Bay  
  69  9:17  Engineering Bay  
  69  9:24  Marine x3  
  69  9:25  Marine x4  
  69  9:30  Hellbat  
  69  9:31  Hellbat, SCV x2  
  80  9:32  SCV  
  83  9:42  Marine  
  84  9:54  Marine  
  85  10:05  Marine x2  
  85  10:06  Marine x4, Terran Infantry Weapons Level 1, Terran Infantry Armor Level 1  
  82  10:11  Supply Depot  
  82  10:12  Marine, Supply Depot  
  79  10:24  Marine  
  79  10:27  Marine x4  
  84  10:32  Medivac  
  84  10:33  Hellbat x2, SCV x3  
  93  10:36  Supply Depot  
  93  10:37  Supply Depot  
  93  10:43  Marine  
  93  10:44  Marine x3  
  93  10:45  Marine  
  98  10:58  Marine x2  
  98  11:00  Hellbat x2  
  98  11:01  Marine  
  96  11:08  Marine x3  
  97  11:14  Medivac  
  95  11:19  Marine x4  
  95  11:21  Hellbat x2  
  95  11:23  Supply Depot  
  95  11:25  Supply Depot  
  96  11:28  Marine x3  
  88  11:37  Marine x2  
  96  11:58  Supply Depot  
Show
View Real Time Build Order
Export as new Build Order

apicton Zerg 

Build Orders: Hatch First 

Get SALT Encoding   

  12  0:10  Overlord  
  12  0:16  Drone  
  12  0:17  Drone  
  14  0:30  Drone  
  15  0:54  Drone x3  
  18  1:08  Hatchery  
  17  1:12  Drone  
  17  1:17  Extractor  
  17  1:22  Spawning Pool  
  16  1:37  Drone x2  
  19  1:47  Drone  
  19  1:58  Drone  
  20  2:18  Hatchery  
  19  2:31  Drone x3  
  22  2:55  Spine Crawler  
  21  3:04  Queen, Metabolic Boost, Baneling Nest  
  22  3:32  Zergling x8  
  26  3:46  Drone x2  
  28  3:55  Overlord x2  
  28  4:04  Extractor  
  28  4:07  Lair  
  27  4:13  Queen  
  29  4:21  Zergling x14  
  36  4:26  Hatchery  
  35  4:31  Baneling x4  
  35  4:33  Zergling x4  
  37  4:45  Drone x2  
  39  5:06  Drone x5  
  43  5:25  Spine Crawler x2  
  43  5:28  Spine Crawler  
  40  5:30  Zergling x8  
  40  5:32  Spine Crawler  
  43  5:36  Baneling x2  
  43  5:40  Queen  
  45  5:43  Drone  
  45  5:44  Drone x2  
  45  5:46  Zergling x2  
  45  5:47  Zergling x2  
  38  6:01  Zergling x2  
  38  6:02  Zergling x22  
  43  6:12  Zergling x4  
  41  6:31  Queen  
  43  6:35  Drone  
  43  6:36  Drone x5  
  49  7:00  Queen  
  40  7:24  Drone x5  
  40  7:25  Drone x5  
  50  7:33  Spore Crawler  
  50  7:36  Spore Crawler  
  48  7:42  Zergling x2  
  48  7:43  Zergling x2  
  50  7:51  Spore Crawler x2  
  49  7:52  Overlord x2  
  49  7:53  Overlord  
  48  8:05  Spine Crawler  
  47  8:07  Spine Crawler  
  47  8:09  Spine Crawler  
  43  8:14  Queen  
  43  8:17  Zergling x2  
  43  8:18  Zergling x16  
  54  8:24  Baneling x2  
  54  8:25  Baneling x4  
  54  8:26  Zergling x2  
  54  8:27  Zergling x10  
  46  8:52  Zergling x8  
  45  9:11  Zergling x2  
  45  9:12  Zergling x14  
  53  9:26  Zergling x4  
  54  9:32  Spire  
  54  9:36  Hatchery  
  54  9:37  Baneling x2  
  54  9:38  Baneling x6  
  52  9:57  Zergling x2  
  52  9:58  Zergling x18  
  54  10:09  Zergling x2  
  54  10:10  Zergling x6  
  52  10:17  Baneling  
  52  10:18  Baneling x5  
  52  10:24  Queen  
  54  10:29  Zergling x2  
  54  10:30  Zergling x14  
  62  10:38  Centrifical Hooks  
  62  10:44  Evolution Chamber x2  
  62  10:48  Baneling x4  
  62  10:49  Mutalisk x3, Baneling  
  47  11:05  Zergling x2  
  47  11:06  Zergling x12  
  49  11:18  Zergling x2  
  49  11:19  Zergling x2  
  38  11:26  Zergling x8  
  38  11:30  Zergling x2  
Tags
 
Composition
MMM Bio
League
GoldGold
Matchup
TvZ
Add a new tag
Caveats
  • Supply blocks, unpowered buildings, or Contaminate may cause inaccurate times.
  • Supply counts are checked every 10 seconds.